 Dungeon Crawl Stone Soup version 0.26-a0-597-gb535b0901c (webtiles) character file.

Game seed: 268569851872870230

3010 XEX the Slasher (level 9, -15/47 HPs)
             Began as a Spriggan Berserker on Sept 1, 2020.
             Was an Elder of Trog.
             Demolished by an orc knight
             ... wielding a +3 halberd
              (34 damage)
             ... in a bailey.
             The game lasted 00:18:28 (8791 turns).

XEX the Slasher (Spriggan Berserker)                Turns: 8791, Time: 00:18:29

Health: -15/47     AC:  3    Str: 16    XL:     9   Next: 55%
Magic:  10/10      EV: 21    Int:  8    God:    Trog [****..]
Gold:   231        SH:  9    Dex: 16    Spells: 8/8 levels left

rFire    . . .     SeeInvis +   C - +6 rapier (venom)
rCold    + . .     Faith    .   B - +3 buckler
rNeg     . . .     Spirit   .   v - +1 robe "Sevvy" {rC+}
rPois    .         Reflect  .   (helmet restricted)
rElec    .         Harm     .   (no cloak)
rCorr    .                      (gloves unavailable)
MR       +++..                  (boots unavailable)
Stlth    ++++......             (no amulet)
HPRegen  1.15/turn              k - ring of flight
MPRegen  0.12/turn              o - ring of stealth

@: berserk cooldown, regenerating, slowed, quick
A: very small, unfitting armour, see invisible, speed 3
a: Berserk, Trog's Hand, Brothers in Arms, Renounce Religion, Evoke Flight


You were in a bailey.
You worshipped Trog.
Trog was greatly pleased with you.
You visited 1 branch of the dungeon, and saw 7 of its levels.
You also visited: Bailey.

You collected 231 gold pieces.

Inventory:

Hand Weapons
 h - a +0 scimitar
 C - a +6 rapier of venom (weapon)
Missiles
 m - 10 boomerangs
 t - 8 poisoned darts (quivered)
 x - a throwing net
Armour
 b - a +0 animal skin
 n - a +2 robe of the Archmagi
 v - the +1 robe "Sevvy" (worn) {rC+}
   (You found it on level 4 of the Dungeon)

   It protects you from cold.
 B - a +3 buckler (worn)
Jewellery
 k - a ring of flight (left hand)
 o - a ring of stealth (right hand)
 r - an uncursed ring of positive energy
Wands
 a - a wand of flame (24)
 f - a wand of paralysis (11)
 q - a wand of acid (4)
Scrolls
 c - a scroll of blinking
 e - 2 scrolls of enchant armour
 g - a scroll of amnesia
 i - 8 scrolls of remove curse
 j - 4 scrolls of fog
 l - 2 scrolls of fear
 s - 2 scrolls of noise {unknown}
 w - 3 scrolls of teleportation {unknown}
 y - a scroll of immolation
Potions
 d - 2 potions of lignification
 p - a potion of heal wounds
 u - 2 potions of invisibility
 z - a potion of curing
 A - a potion of magic
 E - 2 potions of might


   Skills:
 + Level 5.5 Fighting
 + Level 3.6(7.5) Short Blades
 + Level 7.9(8.1) Long Blades
 + Level 3.6 Throwing
 + Level 6.2 Dodging
 - Level 3.6 Stealth
 * Level 3.0 Shields
 + Level 0.9 Evocations


You had 8 spell levels left.
You didn't know any spells.
Your spell library was empty.

Dungeon Overview and Level Annotations

Branches:
Dungeon (7/15)             Temple (0/1) D:7          Bailey (1/1)

Altars:

Annotations:
D:3 exclusion: downstairs


Innate Abilities, Weirdness & Mutations

You are very small and have problems with some larger weapons.
You are too small for most types of armour.
You have supernaturally acute eyesight. (SInv)
You cover ground extremely quickly.


Message History

Aim: an orc knight, wielding a +3 halberd and wearing a +0 chain mail (severely wounded, strong, extremely poisoned)
Okay, then.
Your skin crawls.
You feel resistant to hostile enchantments.
Trog will no longer gift you weapons.
The orc warrior no longer looks unusually strong.
The orc knight roars a battlecry!
The orc warrior goes into a battle-frenzy!
Throwing (i - inventory. (/) - cycle)
t - 9 poisoned darts (quivered)
Press: ? - help, Shift-Dir - straight line, f - orc knight
Aim: an orc knight, wielding a +3 halberd and wearing a +0 chain mail (severely wounded, strong, extremely poisoned)
You throw a poisoned dart. The poisoned dart hits the orc knight!
The orc knight looks as sick as possible!
The orc knight is severely wounded.
The orc knight no longer looks unusually strong.
The orc knight roars a battlecry!
The orc knight goes into a battle-frenzy!
The orc knight hits you with a +3 halberd!!
Ouch! That really hurt!
You die...

.≈o)##...##..≈§§§≈≈≈..#' ##..≈.
.≈≈.o##.##..≈§.....≈§§.# ##.)≈≈.
∩.≈≈..#'#..≈≈..⌠∩⌠..§≈.. #..≈≈.#
#.≈≈..#'#..≈≈...⌠..§§≈.. #..≈≈.∩
.≈≈..##.##..§≈.oooo§≈o.# ##..≈≈.
.≈..##...##..≈≈≈§§≈≈..# ##..≈.
.≈.##.....'#.........##.$$$.##.≈.
############(#############)≈. ...
#..@..# #####..≈. ≈≈≈≈≈ ##[.o##
##≈≈≈≈≈≈≈. .... ##.## #.........
#### ### ##.####### ##...####
####..∩# ####∩ ##


You could see 3 orc knights and 2 orc warriors.

Vanquished Creatures
  An orc knight (Bailey)
  A hippogriff (D:5)
  Eustachio (D:6)
  2 sky beasts (D:5)
  5 orc warriors
  A black bear (D:6)
  A phantom (D:7)
  2 ogres
  A centaur (D:5)
  5 bullfrogs (D:6)
  2 scorpions (D:4)
  A jelly (D:5)
  A howler monkey (D:4)
  A quasit (D:3)
  2 orc priests (D:6)
  3 hounds
  Jessica (D:2)
  An iguana (D:5)
  An orc wizard (D:6)
  3 worker ants
  A killer bee zombie (D:5)
  A hound skeleton (D:5)
  Robin (D:2)
  A howler monkey skeleton (D:4)
  13 adders
  2 shadow imps (D:5)
  3 white imps
  2 ufetubi (D:5)
  An ooze (D:2)
  An adder skeleton (D:6)
  2 worms
  5 leopard geckos
  26 orcs
  3 giant cockroaches
  18 goblins
  11 hobgoblins
  8 jackals
  4 quokkas
  4 bats (D:1)
  9 frilled lizards
  4 kobolds
  A leopard gecko skeleton (D:4)
  12 rats
169 creatures vanquished.

Notes
Turn   | Place    | Note
-------+----------+-------------------------------------------
     0 | D:1      | XEX the Spriggan Berserker began the quest for the Orb.
     0 | D:1      | Reached XP level 1. HP: 11/11 MP: 2/2
   294 | D:1      | Reached XP level 2. HP: 16/16 MP: 3/3
  1233 | D:2      | Reached XP level 3. HP: 20/20 MP: 4/4
  1242 | D:2      | Reached skill level 3 in Long Blades
  1446 | D:2      | Reached ** piety under Trog
  1614 | D:2      | Noticed Robin
  1652 | D:2      | Killed Robin
  1652 | D:2      | Reached XP level 4. HP: 24/24 MP: 5/5
  1907 | D:2      | Noticed Jessica
  1910 | D:2      | Killed Jessica
  2998 | D:3      | Reached XP level 5. HP: 27/28 MP: 6/6
  3265 | D:3      | Reached skill level 4 in Long Blades
  3274 | D:3      | Reached *** piety under Trog
  3611 | D:4      | Noticed an ogre
  3614 | D:4      | Noticed a phantom
  3817 | D:4      | Reached XP level 6. HP: 22/33 MP: 7/7
  4092 | D:4      | Got a faintly glowing robe
  4103 | D:4      | Identified the +1 robe "Sevvy" {rC+} (You found it on level
                  | 4 of the Dungeon)
  4203 | D:4      | Reached skill level 5 in Long Blades
  4570 | D:4      | Got a twisted mace
  4571 | D:4      | Identified the cursed +1 mace of the Open Hand {vorpal,
                  | Int+5 Dex+2} (You found it on level 4 of the Dungeon)
  4593 | D:5      | Entered Level 5 of the Dungeon
  4772 | D:5      | Noticed a sky beast
  4783 | D:5      | Killed a sky beast
  4783 | D:5      | Reached skill level 1 in Throwing
  4783 | D:5      | Reached XP level 7. HP: 37/37 MP: 8/8
  5028 | D:5      | Noticed a hippogriff
  5046 | D:5      | Killed a hippogriff
  5046 | D:5      | Reached skill level 6 in Long Blades
  5380 | D:5      | Reached **** piety under Trog
  6025 | D:5      | Reached XP level 8. HP: 42/42 MP: 9/9
  6126 | D:5      | Reached skill level 7 in Long Blades
  6756 | D:6      | Reached skill level 1 in Stealth
  6878 | D:6      | Reached skill level 5 in Dodging
  6878 | D:6      | Reached skill level 1 in Shields
  7306 | D:6      | Noticed Eustachio
  7311 | D:6      | Reached skill level 5 in Fighting
  7321 | D:6      | Killed Eustachio
  7600 | D:6      | Reached XP level 9. HP: 41/47 MP: 10/10
  7851 | D:6      | Reached skill level 1 in Short Blades
  7905 | D:7      | Found a staircase to the Ecumenical Temple.
  8021 | D:7      | Found a flagged portal.
  8180 | Bailey   | Entered a bailey
  8308 | Bailey   | Noticed an orc knight
  8483 | Bailey   | Reached ***** piety under Trog
  8507 | Bailey   | Noticed an orc knight
  8508 | Bailey   | Noticed an orc knight
  8537 | Bailey   | Noticed an orc knight
  8635 | Bailey   | Killed an orc knight
  8791 | Bailey   | Demolished by an orc knight

Illustrated notes

Levels and vault maps discovered:
D:1:      dpeg_arrival_refuge, layout_basic, minmay_tripent
D:2:      kennysheep_the_goblin_king, layout_basic, uniq_jessica, uniq_robin
D:3:      layout_basic
D:4:      layout_basic
D:5:      layout_basic, minmay_fountain_box
D:6:      layout_loops_ring, uniq_eustachio
D:7:      minmay_chambers_of_sixes, layout_loops_ring, minmay_temple_entry_grid,
          enter_bailey_2
Bailey:   bailey_polearm_1, bailey

Skill      XL: |  1  2  3  4  5  6  7  8  9 |
---------------+----------------------------+-----
Fighting       | 3 4 5 |  5.5
Long Blades    | 3 4 5 6 7 |  7.9
Throwing       | 1 2 3 |  3.6
Stealth        | 3 |  3.6
Dodging        | 5 6 |  6.2
Shields        | 1 3 |  3.0
Short Blades   | 3 |  3.6
Evocations     | |  0.9

Action                   |  1- 3 |  4- 6 |  7- 9 || total
-------------------------+-------+-------+-------++-------
Melee: Falchion          |    82 |   181 |   101 ||   364
       Scimitar          |       |       |    47 ||    47
       Rapier            |       |       |   111 ||   111
Throw: Dart              |       |    14 |    11 ||    25
       Boomerang         |       |       |    18 ||    18
Invok: Berserk           |     6 |    13 |    12 ||    31
       Trog's Hand       |       |       |     2 ||     2
 Abil: Evoke Flight      |       |       |     1 ||     1
Evoke: Wand              |       |       |     3 ||     3
  Use: Scroll            |       |     7 |    11 ||    18
 Stab: Sleeping          |     2 |     1 |     7 ||    10
Armor: Animal skin       |    10 |     9 |       ||    19
       Robe              |       |     5 |    10 ||    15
Dodge: Dodged            |    69 |   177 |   162 ||   408
Block: Buckler           |       |       |    61 ||    61
       Rpst.: Falchion   |    21 |    64 |    26 ||   111
       Scimitar          |       |       |     5 ||     5

Table legend: (Time is in decaauts)
 A = Elapsed time spent in this place.
 B = Non-inter-level travel time spent in this place.
 C = Inter-level travel time spent in this place.
 D = Time resting spent in this place.
 E = Time spent auto-exploring this place.
 F = Levels seen in this place.
 G = Mean time per level.
                   A        B        C        D        E       F      G
               +--------+--------+--------+--------+--------+-----+--------+
         Total |   7398 |   7204 |    194 |   3419 |   2540 |   8 |  924.8 |
       Dungeon |   6851 |   6657 |    194 |   3077 |   2502 |   7 |  978.7 |
        Bailey |    547 |    547 |      0 |    341 |     38 |   1 |  547.0 |
               +--------+--------+--------+--------+--------+-----+--------+

Top non-repeatable levels by time:
     D:5: 1789 daAuts
     D:2: 1326 daAuts
     D:6: 1046 daAuts
     D:3: 866 daAuts
     D:4: 792 daAuts
     D:1: 777 daAuts
  Bailey: 547 daAuts
     D:7: 254 daAuts
